| TOP OF THE 1ST |
|
Colorado (EL) Rockies batting - Pitching for Mississippi Braves : RHP Orlando Velazquez
|
|
Pitching: RHP Orlando Velazquez
|
|
|
Batting: LHB Nick Martin
|
0-0: Ball 1-0: Called Strike 1-1: Ball 2-1: Ball 3-1: Foul Ball, location: 2F 3-2: Fly out, F8 (Flyball, 8RM, EV 89.4 MPH)
|
|
Batting: LHB Daniel Green
|
0-0: Foul Ball, location: 2F 0-1: Ball 1-1: Foul Ball, location: 2F 1-2: Ground out 5-3 (Groundball, 56S, EV 66.9 MPH)
|
|
Batting: RHB T.J. Williams
|
0-0: Ground out 6-3 (Groundball, 6, EV 85.0 MPH)
|
| Top of the 1st over - 0 runs, 0 hits, 0 errors, 0 left on base; Colorado (EL) 0 - Mississippi 0 |
| BOTTOM OF THE 1ST |
|
Mississippi Braves batting - Pitching for Colorado (EL) Rockies : RHP Josh Blaschke
|
|
Pitching: RHP Josh Blaschke
|
|
|
Batting: RHB Zheng-ze King
|
0-0: Swinging Strike 0-1: Swinging Strike 0-2: Strikes out swinging
|
|
Batting: RHB Justin Reich
|
0-0: Ball 1-0: Swinging Strike 1-1: Ball 2-1: Called Strike 2-2: Ball 3-2: DOUBLE (Flyball, 8LD, EV 98.8 MPH)
|
|
Batting: LHB Art D'Ascenzo
|
0-0: Foul Ball, location: 2F 0-1: Foul Ball, location: 2F 0-2: Fly out, F7 (Flyball, 78S, EV 79.4 MPH)
|
|
Batting: RHB Jose Ramos
|
0-0: Called Strike 0-1: Ball 1-1: Foul Ball, location: 2F 1-2: Ground out 6-3 (Groundball, 6MD, EV 100.0 MPH)
|
| Bottom of the 1st over - 0 runs, 1 hit, 0 errors, 1 left on base; Colorado (EL) 0 - Mississippi 0 |
| TOP OF THE 2ND |
|
Colorado (EL) Rockies batting - Pitching for Mississippi Braves : RHP Orlando Velazquez
|
|
Batting: SHB Bobby Santor
|
0-0: Called Strike 0-1: Swinging Strike 0-2: Ball 1-2: Ball 2-2: SINGLE (Groundball, 34D, EV 98.8 MPH)
|
|
Batting: LHB Paul McClintock
|
0-0: Called Strike 0-1: Ball 1-1: Foul Ball, location: 2F 1-2: Foul Ball, location: 2F 1-2: Fielders Choice at 2nd, 4-6 (Groundball, 4, EV 90.0 MPH)
|
|
Batting: RHB Chris Osting
|
0-0: Ball 1-0: Foul Ball, location: 2F 1-1: Ball 2-1: Foul Ball, location: 2F 2-2: SINGLE (Groundball, 25, EV 70.6 MPH) (infield hit) Paul McClintock to second
|
|
Batting: RHB Zakhar Edelman
|
0-0: Foul Ball, location: 2F 0-1: SINGLE (Groundball, 4M, EV 98.1 MPH) (infield hit) Paul McClintock to third Chris Osting to second
|
|
Batting: LHB Harry Folsom
|
0-0: Foul Ball, location: 2F 0-1: Swinging Strike 0-2: Strikes out looking
|
|
Batting: RHB Kevin McKasson
|
0-0: Called Strike 0-1: Foul Ball, location: 2F 0-2: Strikes out swinging
|
| Top of the 2nd over - 0 runs, 3 hits, 0 errors, 3 left on base; Colorado (EL) 0 - Mississippi 0 |
| BOTTOM OF THE 2ND |
|
Mississippi Braves batting - Pitching for Colorado (EL) Rockies : RHP Josh Blaschke
|
|
Batting: LHB Sal Fernandez
|
0-0: Ball 1-0: Ball 2-0: Ball 3-0: Called Strike 3-1: Base on Balls
|
|
Batting: SHB Jose Melendez
|
0-0: Foul Ball, location: 2F 0-1: Ball 1-1: Ball 2-1: Fly out, F7 (Line Drive, 7, EV 104.4 MPH)
|
|
Batting: LHB Fred Arends
|
0-0: Ball Sal Fernandez steals 2nd base 1-0: Called Strike 1-1: Ball 2-1: Swinging Strike 2-2: Strikes out swinging
|
|
Batting: RHB Alex Velasquez
|
0-0: Called Strike 0-1: Foul Ball, location: 2F 0-2: Ball 1-2: Ground out U3 (Groundball, 34, EV 88.1 MPH)
|
| Bottom of the 2nd over - 0 runs, 0 hits, 0 errors, 1 left on base; Colorado (EL) 0 - Mississippi 0 |
| TOP OF THE 3RD |
|
Colorado (EL) Rockies batting - Pitching for Mississippi Braves : RHP Orlando Velazquez
|
|
Batting: LHB Nick Martin
|
0-0: Ball 1-0: Ball 2-0: SINGLE (Flyball, 9S, EV 89.4 MPH)
|
|
Batting: LHB Daniel Green
|
0-0: Ball 1-0: Ground out 5-3 (Groundball, 6S, EV 64.4 MPH) Nick Martin to second
|
|
Batting: RHB T.J. Williams
|
0-0: Foul Ball, location: 2F 0-1: Swinging Strike 0-2: Foul Ball, location: 2F 0-2: Ball 1-2: Strikes out swinging
|
|
Batting: SHB Bobby Santor
|
0-0: Ball 1-0: Ball 2-0: Called Strike 2-1: Foul Ball, location: 2F 2-2: Ball 3-2: Base on Balls
|
|
Batting: LHB Paul McClintock
|
0-0: Foul Ball, location: 2F 0-1: Ball 1-1: Ball 2-1: Ball 3-1: Ground out 6-3 (Groundball, P, EV 84.4 MPH)
|
| Top of the 3rd over - 0 runs, 1 hit, 0 errors, 2 left on base; Colorado (EL) 0 - Mississippi 0 |
| BOTTOM OF THE 3RD |
|
Mississippi Braves batting - Pitching for Colorado (EL) Rockies : RHP Josh Blaschke
|
|
Batting: RHB Adrian Billups
|
0-0: Foul Ball, location: 2F 0-1: Fly out, F6 (Line Drive, 6, EV 63.1 MPH)
|
|
Batting: RHB Zheng-ze King
|
0-0: Ball 1-0: Ground out 3-1 (Groundball, 34S, EV 81.9 MPH)
|
|
Batting: RHB Justin Reich
|
0-0: Hit by Pitch
|
|
Batting: LHB Art D'Ascenzo
|
0-0: Ball Wild Pitch! Justin Reich to second 1-0: Ball 2-0: Called Strike 2-1: Ball 3-1: Foul Ball, location: 2F 3-2: Ground out 1-3 (Groundball, 13S, EV 66.9 MPH)
|
| Bottom of the 3rd over - 0 runs, 0 hits, 0 errors, 1 left on base; Colorado (EL) 0 - Mississippi 0 |
| TOP OF THE 4TH |
|
Colorado (EL) Rockies batting - Pitching for Mississippi Braves : RHP Orlando Velazquez
|
|
Batting: RHB Chris Osting
|
0-0: Swinging Strike 0-1: Swinging Strike 0-2: Strikes out swinging
|
|
Batting: RHB Zakhar Edelman
|
0-0: SINGLE (Groundball, 56S, EV 65.0 MPH) (infield hit)
|
|
Batting: LHB Harry Folsom
|
0-0: Grounds into double play, U6-3 (Groundball, 4M, EV 100.0 MPH)
|
| Top of the 4th over - 0 runs, 1 hit, 0 errors, 0 left on base; Colorado (EL) 0 - Mississippi 0 |
| BOTTOM OF THE 4TH |
|
Mississippi Braves batting - Pitching for Colorado (EL) Rockies : RHP Josh Blaschke
|
|
Batting: RHB Jose Ramos
|
0-0: Called Strike 0-1: Ball 1-1: Ground out 6-3 (Groundball, 56, EV 86.9 MPH)
|
|
Batting: LHB Sal Fernandez
|
0-0: Fly out, F7 (Flyball, 78S, EV 95.0 MPH)
|
|
Batting: SHB Jose Melendez
|
0-0: Called Strike 0-1: Ball 1-1: Foul Ball, location: 2F 1-2: Foul Ball, location: 2F 1-2: Ground out 6-3 (Groundball, 6M, EV 100.0 MPH)
|
| Bottom of the 4th over - 0 runs, 0 hits, 0 errors, 0 left on base; Colorado (EL) 0 - Mississippi 0 |
| TOP OF THE 5TH |
|
Colorado (EL) Rockies batting - Pitching for Mississippi Braves : RHP Orlando Velazquez
|
|
Batting: RHB Kevin McKasson
|
0-0: Ball 1-0: Ball 2-0: Ball 3-0: Base on Balls
|
|
Batting: LHB Nick Martin
|
0-0: Foul Ball, location: 2F 0-1: Ball 1-1: Ball 2-1: Foul Ball, location: 2F 2-2: Foul Ball, location: 2F 2-2: Foul Ball, location: 2F 2-2: Ball 3-2: Ground out 5-3 (Groundball, 56S, EV 66.9 MPH) Kevin McKasson to second
|
|
Batting: LHB Daniel Green
|
0-0: Called Strike 0-1: Fly out, F9 (Flyball, 89M, EV 86.9 MPH)
|
|
Batting: RHB T.J. Williams
|
0-0: Called Strike 0-1: Ball 1-1: Foul Ball, location: 2F 1-2: Foul Ball, location: 2F 1-2: SINGLE (Groundball, 34D, EV 106.9 MPH) Kevin McKasson to third Runner from 3rd tries for Home, SAFE, throw by RF to home T.J. Williams to second
|
|
Batting: SHB Bobby Santor
|
0-0: Foul Ball, location: 2F 0-1: Foul Ball, location: 2F 0-2: Foul Ball, location: 2F 0-2: Fly out, F9 (Flyball, 9D, EV 89.4 MPH)
|
| Top of the 5th over - 1 run, 1 hit, 0 errors, 1 left on base; Colorado (EL) 1 - Mississippi 0 |
| BOTTOM OF THE 5TH |
|
Mississippi Braves batting - Pitching for Colorado (EL) Rockies : RHP Josh Blaschke
|
|
Batting: LHB Fred Arends
|
0-0: Called Strike 0-1: Ball 1-1: Swinging Strike 1-2: Fly out, F5 (Popup, 5SF, EV 75.6 MPH)
|
|
Batting: RHB Alex Velasquez
|
0-0: Ball 1-0: Foul Ball, location: 2F 1-1: Ground out 5-3 (Groundball, 56S, EV 72.5 MPH)
|
|
Batting: RHB Adrian Billups
|
0-0: Ball 1-0: Ball 2-0: Called Strike 2-1: Foul Ball, location: 2F 2-2: Ball 3-2: Base on Balls
|
|
Batting: RHB Zheng-ze King
|
0-0: Swinging Strike 0-1: Fly out, F9 (Flyball, 9, EV 89.4 MPH)
|
| Bottom of the 5th over - 0 runs, 0 hits, 0 errors, 1 left on base; Colorado (EL) 1 - Mississippi 0 |
| TOP OF THE 6TH |
|
Colorado (EL) Rockies batting - Pitching for Mississippi Braves : RHP Orlando Velazquez
|
|
Batting: LHB Paul McClintock
|
0-0: Called Strike 0-1: Swinging Strike 0-2: Strikes out swinging
|
|
Batting: RHB Chris Osting
|
0-0: Ball 1-0: Ball 2-0: Swinging Strike 2-1: Fly out, F3 (Popup, 3SF, EV 70.6 MPH)
|
|
Batting: RHB Zakhar Edelman
|
0-0: Fly out, F9 (Flyball, 9D, EV 87.5 MPH)
|
| Top of the 6th over - 0 runs, 0 hits, 0 errors, 0 left on base; Colorado (EL) 1 - Mississippi 0 |
| BOTTOM OF THE 6TH |
|
Mississippi Braves batting - Pitching for Colorado (EL) Rockies : RHP Josh Blaschke
|
|
Batting: RHB Justin Reich
|
0-0: Foul Ball, location: 2F 0-1: Foul Ball, location: 2F 0-2: Ground out 5-3 (Groundball, 56, EV 102.5 MPH)
|
|
Batting: LHB Art D'Ascenzo
|
0-0: Swinging Strike 0-1: Ball 1-1: Ball 2-1: Foul Ball, location: 2F 2-2: Fly out, F8 (Flyball, 8LM, EV 93.8 MPH)
|
|
Batting: RHB Jose Ramos
|
0-0: Ground out 4-3 (Groundball, 34, EV 88.1 MPH)
|
| Bottom of the 6th over - 0 runs, 0 hits, 0 errors, 0 left on base; Colorado (EL) 1 - Mississippi 0 |
| TOP OF THE 7TH |
|
Colorado (EL) Rockies batting - Pitching for Mississippi Braves : RHP Orlando Velazquez
|
|
Batting: LHB Harry Folsom
|
0-0: Ground out 4-3 (Groundball, 34, EV 103.8 MPH)
|
|
Batting: RHB Kevin McKasson
|
0-0: Foul Ball, location: 2F 0-1: Foul Ball, location: 2F 0-2: Strikes out swinging
|
|
Batting: LHB Nick Martin
|
0-0: Ball 1-0: Ball 2-0: Called Strike 2-1: Foul Ball, location: 2F 2-2: Strikes out looking
|
| Top of the 7th over - 0 runs, 0 hits, 0 errors, 0 left on base; Colorado (EL) 1 - Mississippi 0 |
| BOTTOM OF THE 7TH |
|
Mississippi Braves batting - Pitching for Colorado (EL) Rockies : RHP Josh Blaschke
|
|
Pitching: RHP Terry Sterling
|
|
|
Batting: LHB Sal Fernandez
|
0-0: Fly out, F8 (Flyball, 8RD, EV 106.2 MPH)
|
|
Batting: SHB Jose Melendez
|
0-0: Ball 1-0: Called Strike 1-1: SINGLE (Groundball, 4MS, EV 67.5 MPH) (infield hit)
|
|
Batting: LHB Fred Arends
|
0-0: Ball Jose Melendez steals 2nd base 1-0: Called Strike Jose Melendez steals 3rd base 1-1: 2-RUN HOME RUN (Flyball, 8LXD, EV 108.8 MPH), Distance : 417 ft
|
|
Batting: RHB Alex Velasquez
|
0-0: Foul Ball, location: 2F 0-1: Ground out 4-3 (Groundball, 4, EV 81.2 MPH)
|
|
Batting: RHB Adrian Billups
|
0-0: Ball 1-0: Ball 2-0: Foul Ball, location: 2F 2-1: Foul Ball, location: 2F 2-2: Ball 3-2: Ground out 3-1 (Groundball, 34, EV 105.0 MPH)
|
| Bottom of the 7th over - 2 runs, 2 hits, 0 errors, 0 left on base; Colorado (EL) 1 - Mississippi 2 |
| TOP OF THE 8TH |
|
Colorado (EL) Rockies batting - Pitching for Mississippi Braves : RHP Orlando Velazquez
|
|
Pitching: RHP Nate Bixler
|
|
|
Now at 1B: Hieronim Rutkowski
|
|
|
Now at 2B: Zheng-ze King
|
|
|
Batting: LHB Daniel Green
|
0-0: Ball 1-0: Fly out, F7 (Flyball, 7, EV 90.0 MPH)
|
|
Batting: RHB T.J. Williams
|
0-0: Ball 1-0: Swinging Strike 1-1: Called Strike 1-2: Foul Ball, location: 2F 1-2: Foul Ball, location: 2F 1-2: Ball 2-2: Ground out 4-3 (Groundball, 34, EV 103.8 MPH)
|
|
Batting: SHB Bobby Santor
|
0-0: Called Strike 0-1: Swinging Strike 0-2: Ball 1-2: SOLO HOME RUN (Flyball, 9D, EV 96.2 MPH), Distance : 384 ft
|
|
Batting: LHB Paul McClintock
|
0-0: Called Strike 0-1: Foul Ball, location: 2F 0-2: Strikes out swinging
|
| Top of the 8th over - 1 run, 1 hit, 0 errors, 0 left on base; Colorado (EL) 2 - Mississippi 2 |
| BOTTOM OF THE 8TH |
|
Mississippi Braves batting - Pitching for Colorado (EL) Rockies : RHP Terry Sterling
|
|
Pitching: RHP Mike Clark
|
|
|
Batting: RHB Zheng-ze King
|
0-0: Fly out, F4 (Popup, 34D, EV 68.1 MPH)
|
|
Pinch Hitting: LHB Cesar Arteaga
|
0-0: Called Strike 0-1: Swinging Strike 0-2: Ball 1-2: Ball 2-2: Ground out 4-3 (Groundball, 34, EV 88.1 MPH)
|
|
Batting: LHB Art D'Ascenzo
|
0-0: Ball 1-0: Foul Ball, location: 2F 1-1: Fly out, F9 (Flyball, 9S, EV 91.9 MPH)
|
| Bottom of the 8th over - 0 runs, 0 hits, 0 errors, 0 left on base; Colorado (EL) 2 - Mississippi 2 |
| TOP OF THE 9TH |
|
Colorado (EL) Rockies batting - Pitching for Mississippi Braves : RHP Nate Bixler
|
|
Pitching: RHP Damian Molina
|
|
|
Now at 1B: Cesar Arteaga
|
|
|
Batting: RHB Chris Osting
|
0-0: Called Strike 0-1: DOUBLE (Flyball, 8RXD, EV 110.6 MPH)
|
|
Batting: RHB Zakhar Edelman
|
0-0: Foul Ball, location: 2F 0-1: Ball 1-1: Ball 2-1: DOUBLE (Flyball, 78XD, EV 113.1 MPH) Chris Osting scores
|
|
Batting: LHB Harry Folsom
|
0-0: Intentional Walk
|
|
Batting: RHB Kevin McKasson
|
0-0: Bunted foul 0-1: Hit by Pitch Zakhar Edelman to third Harry Folsom to second
|
|
Batting: LHB Nick Martin
|
0-0: Ball 1-0: Ball 2-0: Called Strike 2-1: SINGLE (Groundball, 6M, EV 97.5 MPH) Zakhar Edelman scores Harry Folsom to third Kevin McKasson to second
|
|
Batting: LHB Daniel Green
|
0-0: Ball 1-0: Ball 2-0: Grounds into fielders choice 4-2 (Groundball, 4, EV 108.1 MPH) Kevin McKasson to third Nick Martin to second
|
|
Batting: RHB T.J. Williams
|
0-0: Ball 1-0: SINGLE (Groundball, 6MD, EV 95.6 MPH) Kevin McKasson scores Nick Martin to third Daniel Green to second
|
|
Batting: SHB Bobby Santor
|
0-0: Ball 1-0: Called Strike 1-1: Fly out, F7 (Flyball, 7D, EV 101.2 MPH) Runner from 3rd tags up, SCORES, no throw by LF Daniel Green to third
|
|
Pitching: RHP Thomas Crowner
|
|
|
Batting: LHB Paul McClintock
|
0-0: Ball 1-0: Swinging Strike 1-1: Called Strike 1-2: Fly out, F7 (Flyball, 78M, EV 83.1 MPH)
|
| Top of the 9th over - 4 runs, 4 hits, 0 errors, 2 left on base; Colorado (EL) 6 - Mississippi 2 |
| BOTTOM OF THE 9TH |
|
Mississippi Braves batting - Pitching for Colorado (EL) Rockies : RHP Mike Clark
|
|
Pitching: RHP Jim Micaletti
|
|
|
Batting: RHB Jose Ramos
|
0-0: Ground out 4-3 (Groundball, 4, EV 101.9 MPH)
|
|
Batting: LHB Sal Fernandez
|
0-0: SINGLE (Groundball, 34D, EV 103.8 MPH)
|
|
Batting: SHB Jose Melendez
|
0-0: Swinging Strike 0-1: Ball 1-1: Ball 2-1: Fielders Choice at 2nd, 4-6 (Groundball, 34, EV 110.6 MPH)
|
|
Batting: LHB Fred Arends
|
0-0: Ball 1-0: SINGLE (Groundball, 4MD, EV 95.6 MPH) Jose Melendez to second
|
|
Batting: RHB Alex Velasquez
|
0-0: Ball 1-0: Called Strike 1-1: Ball 2-1: Foul Ball, location: 2F 2-2: Ball 3-2: DOUBLE (Groundball, 5L, EV 101.9 MPH) Jose Melendez scores Fred Arends to third Fred Arends scores
|
|
Pinch Hitting: RHB Yojiro Hayashi
|
0-0: Called Strike 0-1: Ball 1-1: Foul Ball, location: 2F 1-2: Strikes out swinging
|
| Bottom of the 9th over - 2 runs, 3 hits, 0 errors, 1 left on base; Colorado (EL) 6 - Mississippi 4 |
|